 Dungeon Crawl Stone Soup version 0.25-a0-876-gadf69d5 (webtiles) character file.

Game seed: 4552027296617574622, levelgen mode: deterministic

25 BlueFish the Insei (level 3, 22/23 HPs)
             Began as an Octopode Transmuter on May 1, 2020.
             Quit the game on level 1 of the Dungeon.
             The game lasted 00:02:16 (748 turns).

BlueFish the Insei (Octopode Transmuter)             Turns: 748, Time: 00:02:17

Health: 22/23      AC:  1    Str:  9    XL:     3   Next: 6%
Magic:  4/6        EV: 13    Int: 15    God:
Gold:   31         SH:  0    Dex: 13    Spells: 3/6 levels left

rFire    . . .     SeeInvis .     - Unarmed
rCold    . . .     Gourm    .   (no shield)
rNeg     . . .     Faith    .   (helmet restricted)
rPois    .         Spirit   .   (no amulet)
rElec    .         Reflect  .   (no ring)
rCorr    .         Harm     .   (no ring)
MR       .....                  (no ring)
Stlth    +++.......             (no ring)
HPRegen  0.07/turn              (no ring)
MPRegen  0.10/turn              (no ring)
                                (no ring)
                                (no ring)

@: appendage
A: almost no armour, stealthy swim, amphibious, 8 rings, constrict 8, tentacle
spike 3, camouflage 1, gelatinous body 1
a: End Transformation


You were on level 1 of the Dungeon.
You were not hungry.
One of your tentacles had a temporary spike.
You visited 1 branch of the dungeon, and saw 1 of its levels.

You collected 31 gold pieces.

Inventory:

Missiles
 a - 12 arrows
Scrolls
 e - a scroll of fear {unknown}
Potions
 d - a potion of brilliance {unknown}
Comestibles
 b - 7 chunks of flesh
 c - a ration


   Skills:
 * Level 1.1 Fighting
 * Level 2.1 Dodging
 * Level 0.8 Stealth
 * Level 3.6 Unarmed Combat
 + Level 2.1 Spellcasting
 * Level 2.3 Transmutations


You had 3 spell levels left.
You knew the following spells:

 Your Spells              Type           Power        Failure   Level  Hunger
a - Beastly Appendage     Tmut           #.....       9%          1    #......
b - Sticks to Snakes      Tmut           #.......     13%         2    ###....

Your spell library contained the following spells:

 Spells                   Type           Power        Failure   Level  Hunger
 Spider Form              Tmut/Pois      #.........   38%         3    ###....
 Ice Form                 Ice/Tmut       #.......     80%         4    #####..
 Blade Hands              Tmut           #.........   93%         5    ######.


Dungeon Overview and Level Annotations

Branches:
Dungeon (1/15)

Altars:


Innate Abilities, Weirdness & Mutations

You cannot wear most types of armour.
You are very stealthy in the water. (Stealth+)
You are amphibious.
You can wear up to eight rings at the same time.
You can use your tentacles to constrict eight enemies at once.
Your skin changes colour to match your surroundings (Stealth+).
Your rubbery body absorbs attacks. (AC +1, EV +1)
One of your tentacles bears a large vicious spike.


Message History

b - 7 chunks of flesh (gained 2)
You see here a ball python skeleton.
Your tentacle spike disappears.
A dart slug comes into view.
Found a robe and 23 stones.
Casting: Beastly Appendage (safe; 9% risk of failure)
Confirm with . or Enter, or press ? or * to list all spells.
One of your tentacles grows a vicious spike.
You see here a robe.
The dart slug misses you.
You tentacle-slap the dart slug. You grab the dart slug.
You squeeze the dart slug!
The dart slug is almost dead.
You constrict the dart slug.
You kill the dart slug!
You have reached level 3!
Your experience leads to an increase in your attributes!
Increase (S)trength, (I)ntelligence, or (D)exterity?
You feel agile.
Are you sure you want to abandon this character and quit the game? (Confirm with "yes".)

#.........รท.#.#........#
##..
#...........#.####.....# #..
#...........#.####.....# ##.
#...........#....#..)..##
#..
#####.#.................[#
#.#
...#.########.#.....#.#.##.#
...#.# #......#.....# #.....
#.###.############ ######
#......[@.....# #..
#####.#.......# #..
...#.....(... #...#
#.###.#####... ## #. #.# ..
# #.# . ..# ###


There were no monsters in sight!

Vanquished Creatures
  3 dart slugs (D:1)
  4 bats (D:1)
  A giant cockroach (D:1)
  A goblin (D:1)
  3 hobgoblins (D:1)
  A ball python (D:1)
  3 frilled lizards (D:1)
  A kobold (D:1)
  3 rats (D:1)
20 creatures vanquished.

Notes
Turn   | Place    | Note
-------+----------+-------------------------------------------
     0 | D:1      | BlueFish the Octopode Transmuter began the quest for the
                  | Orb.
     0 | D:1      | Reached XP level 1. HP: 13/13 MP: 3/3
    67 | D:1      | Reached XP level 2. HP: 10/18 MP: 3/5
    92 | D:1      | Learned a level 2 spell: Sticks to Snakes
   747 | D:1      | Reached XP level 3. HP: 22/23 MP: 4/6
   748 | D:1      | Quit the game

Levels and vault maps discovered:
D:1:      psy_arrival_radial01, layout_basic

Action                   || total
-------------------------++-------
Melee: Unarmed           ||    53
       Constrict         ||    13
       Kick              ||     4
       Tentacles         ||     5
 Cast: Beastly Appendage ||    11
 Stab: Sleeping          ||     4
Armor: Skin              ||     5
Dodge: Dodged            ||    31

Table legend:
 A = Non-vault XP
 B = Vault XP
 C = Vault XP percentage of total XP
 D = Non-vault monster count
 E = Vault monster count
 F = Vault count percentage of total count
                 A         B        C        D         E       F
            +---------+---------+-------+---------+---------+-------
      Total |      37 |       0 |   0.0 |      20 |       0 |   0.0
            +---------+---------+-------+---------+---------+-------
        D:1 |      37 |       0 |   0.0 |      20 |       0 |   0.0
            +---------+---------+-------+---------+---------+-------
